 Dungeon Sprint DCSS version 0.18.1-48-g4cf74bf (webtiles) character file.

35 Joat the Magician (level 3, -1/21 HPs)
             Began as an Octopode Earth Elementalist on Aug 27, 2016.
             Was an Initiate of Vehumet.
             Slain by an orc
             ... wielding a +0 falchion
              (7 damage)
             ... in the Dungeon (Sprint V: "Ziggurat Sprint").
             The game lasted 00:02:42 (174 turns).

Joat the Magician (Octopode Earth Elementalist)      Turns: 174, Time: 00:02:43

Health: -1/21      AC:  1    Str: 19    XL:     3   Next: 33%
Magic:  11/17      EV: 13    Int: 36    God:    Vehumet [......]
Gold:   0          SH:  0    Dex: 24    Spells: 1 memorised, 15 levels left

rFire  . . .     SeeInvis .     L - +6 Majin-Bo {vamp, Archmagi MP+6 Int+6}
rCold  . . .     Gourm    .     (shield currently unavailable)
rNeg   . . .     Faith    .     (helmet restricted)
rPois  .         Spirit   .     (no amulet)
rElec  .         Dismiss  .     y - +6 ring of dexterity
rCorr  .         Reflect  .     z - +6 ring of dexterity
SustAt .         Harm     .     A - +6 ring of intelligence
MR     .....     NoTele   +     B - +6 ring of intelligence
Stlth  ++++......               C - +6 ring of strength
                                D - +6 ring of strength
                                E - ring of flight
                                (no ring)

@: not resistant to hostile enchantments, stealthy
A: almost no armour, amphibious, 8 rings, constrict 8, camouflage 1, gelatinous
body 1
a: Renounce Religion, Evoke Flight


You were in the Dungeon.
You worshipped Vehumet.
Vehumet was noncommittal.
You were not hungry.

You visited 1 branch

Inventory:

Hand Weapons
 L - the +6 Majin-Bo (weapon) {vamp, Archmagi MP+6 Int+6}
   (You found it in the Dungeon)

   It inflicts no extra harm, but heals its wielder somewhat when it strikes a
   living foe.
   It affects your intelligence (+6).
   It affects your magic capacity (+6).
Missiles
 a - 20 stones (quivered)
Armour
 M - the +18 shield of the gong {rElec rN+ MR+ EV-5}
   (You found it in the Dungeon)

   It affects your evasion (-5).
   It insulates you from electricity.
   It protects you from negative energy.
   It affects your resistance to hostile enchantments.
 N - a +3 buckler
 O - a +3 large shield
 P - a +3 shield
Magical Staves
 J - an uncursed staff of energy
Jewellery
 y - a +6 ring of dexterity (left tentacle)
 z - a +6 ring of dexterity (right tentacle)
 A - a +6 ring of intelligence (on tentacle)
 B - a +6 ring of intelligence (on tentacle)
 C - a +6 ring of strength (on tentacle)
 D - a +6 ring of strength (on tentacle)
 E - a ring of flight (on tentacle)
Wands
 F - a wand of disintegration (7/24)
 G - a wand of iceblast (5/15)
 H - a wand of lightning (5/15)
 I - a wand of acid (5/15)
Scrolls
 i - 4 scrolls of blinking
 p - 4 scrolls of amnesia
 q - 3 scrolls of recharging
 r - 7 scrolls of fog
 s - a scroll of holy word
 t - 5 scrolls of identify
 u - 5 scrolls of remove curse
 v - 2 scrolls of fear
Potions
 d - 10 potions of curing
 e - 10 potions of heal wounds
 f - 6 potions of haste
 g - 7 potions of magic
 h - 3 potions of berserk rage
 j - 2 potions of brilliance
 k - 2 potions of invisibility
 l - 4 potions of resistance
 n - 5 potions of agility
 o - 5 potions of might
Books
 b - a book of Geomancy

   Spells                             Type                      Level
   a - Sandblast                      Earth                        1
   b - Passwall                       Transmutation/Earth          2
   c - Stone Arrow                    Conjuration/Earth            3
   d - Petrify                        Transmutation/Earth          4
   e - Lee's Rapid Deconstruction     Earth                        5
Miscellaneous
 K - a crystal ball of energy
Comestibles
 c - 5 bread rations
 w - 42 fruits
 x - 3 meat rations


   Skills:
 - Level 2.0 Dodging
 - Level 2.6 Stealth
 - Level 7.1 Spellcasting
   Level 1.0 Transmutations
 + Level 5.0 Earth Magic


You had 15 spell levels left.
You knew the following spells:

 Your Spells              Type           Power        Failure   Level  Hunger
a - Sandblast             Erth           ######       1%          1    None


Dungeon Overview and Level Annotations

Branches:
Dungeon (1/1)

Altars:
Ashenzari
Cheibriados
Dithmenos
Elyvilon
Fedhas
Gozag
Kikubaaqudgha
Makhleb
Nemelex Xobeh
Okawaru
Pakellas
Qazlal
Ru
Sif Muna
Trog
Vehumet
Xom
Yredelemnul
Zin
The Shining One
Beogh
Jiyva
Lugonu


Innate Abilities, Weirdness & Mutations

You cannot wear most types of armour.
You are amphibious.
You can wear up to eight rings at the same time.
You can use your tentacles to constrict eight enemies at once.
Your skin changes colour to match your surroundings (Stealth).
Your rubbery body absorbs attacks (AC +1).


Message History

Aim: an orc wizard, wielding a dagger and wearing a robe (moderately wounded)
You feel a surge of power!
The blast of sand hits the orc wizard.
You kill the orc wizard!
Vehumet accepts your kill.
Your Earth Magic skill gained 2 levels and is now at level 5!
You have reached level 3!
Your experience leads to an increase in your attributes!
Your base attributes are Str 7, Int 17, Dex 12.
Increase (S)trength, (I)ntelligence, or (D)exterity?
You feel clever. The orc barely misses you.
Casting: Sandblast
Confirm with . or Enter, or press ? or * to list all spells.
Aiming: Sandblast
Press: ? - help, Shift-Dir - straight line, f - orc
Aim: an orc, wielding a falchion (heavily wounded)
You feel a surge of power!
The blast of sand misses the orc.
* * * LOW HITPOINT WARNING * * *
The orc hits you with a falchion!
You die...

▓▓▓▓▓▓▓
▓.8©8.▓
▓.....▓
▓.?.=.▓
▓.....▓
▓..o).▓
▓..@..▓
▓▓▓▓▓▓▓


You could see an orc.

Vanquished Creatures
  An orc wizard (D)
1 creature vanquished.

Notes
Turn   | Place    | Note
--------------------------------------------------------------
     0 | D        | Joat the Octopode Earth Elementalist began the quest for the Orb.
     0 | D        | Reached XP level 1. HP: 11/11 MP: 3/3
     2 | D        | Found an iron altar of Okawaru.
     2 | D        | Found a radiant altar of Vehumet.
     2 | D        | Found a shimmering altar of Xom.
     2 | D        | Found a burning altar of Makhleb.
     2 | D        | Found a deep blue altar of Sif Muna.
    14 | D        | Found a bloodstained altar of Trog.
    26 | D        | Found a roughly hewn altar of Beogh.
    26 | D        | Found a viscous altar of Jiyva.
    26 | D        | Found a corrupted altar of Lugonu.
    26 | D        | Found a white marble altar of Elyvilon.
    26 | D        | Found a sparkling altar of Nemelex Xobeh.
    68 | D        | Became a worshipper of Vehumet
    73 | D        | Reached skill level 7 in Spellcasting
    73 | D        | Reached XP level 2. HP: 17/17 MP: 3/10
   167 | D        | Entered arena 1.
   173 | D        | Reached skill level 5 in Earth Magic
   173 | D        | Reached XP level 3. HP: 8/21 MP: 11/11
   174 | D        | Slain by an orc

Skill      XL: |  1  2 |
---------------+-------+-----
Spellcasting   | 7 |  7.1
Earth Magic    | 5 |  5.0
Dodging        | |  2.0
Stealth        | |  2.6
Transmutations | |  1.0

Action                   || total
-------------------------++-------
 Cast: Sandblast         ||     5
  Use: Potion            ||     1
  Eat: Meat ration       ||     1
Dodge: Dodged            ||     3
